 Dungeon Crawl Stone Soup version 0.28-a0-475-g7dc2aef8ca (webtiles) character file.

Game seed: 2150115313879117313

200 Conn the Sneak (level 5, -1/31 HPs)
             Began as an Octopode Fire Elementalist on Sept 15, 2021.
             Slain by an ice beast (14 damage)
             ... on level 4 of the Dungeon on Sept 16, 2021.
             The game lasted 00:07:43 (3190 turns).

Conn the Sneak (Octopode Fire Elementalist)         Turns: 3190, Time: 00:07:43

Health: -1/31      AC:  1    Str:  7    XL:     5   Next: 78%
Magic:  0/9        EV: 13    Int: 19    God:
Gold:   123        SH:  0    Dex: 12    Spells: 2/9 levels left

rFire   . . .      SeeInvis .   c - +0 dagger
rCold   . . .      Faith    .   (no shield)
rNeg    . . .      Spirit   .   (helmet restricted)
rPois   +          Reflect  .   (no amulet)
rElec   .          Harm     .   i - ring of poison resistance
rCorr   .          Rampage  .   (no ring)
Will    .....                   (no ring)
Stlth   ++++......              (no ring)
HPRegen 0.10/turn               (no ring)
MPRegen 0.11/turn               (no ring)
                                (no ring)
                                (no ring)

@: very slightly contaminated
A: almost no armour, amphibious, 8 rings, camouflage 1, gelatinous body 1,
(nimble swimmer 1), tentacles
a: no special abilities


You were on level 4 of the Dungeon.
You visited 1 branch of the dungeon, and saw 4 of its levels.

You collected 123 gold pieces.

Inventory:

Hand Weapons
 c - a +0 dagger (weapon)
Magical Staves
 g - a staff of air
Jewellery
 i - a ring of poison resistance (left tentacle)
Scrolls
 a - a scroll of enchant weapon {unknown}
 d - a scroll of blinking {unknown}
 e - 3 scrolls of identify {unknown}
 f - 2 scrolls of teleportation {unknown}
 k - a scroll of enchant armour {unknown}
 l - a scroll of magic mapping {unknown}
Potions
 b - a potion of curing
 h - a potion of invisibility {unknown}
 j - a potion of degeneration {unknown}


   Skills:
 + Level 0.1 Fighting
 + Level 0.5 Short Blades
 + Level 2.6 Dodging
 + Level 4.5 Stealth
 + Level 2.9 Spellcasting
 + Level 2.1 Conjurations
 + Level 4.1 Fire Magic


You had 2 spell levels left.
You knew the following spells:

 Your Spells              Type           Power      Damage    Failure   Level
a - Foxfire               Conj/Fire      56%        2x1d6     4%          1
b - Conjure Flame         Conj/Fire      14%        6-21      13%         3
c - Inner Flame           Hex/Fire       10%        N/A       19%         3

Your spell library contained the following spells:

 Spells                   Type           Power      Damage    Failure   Level
 Scorch                   Fire           36%        2d7       4%          2
 Flame Wave               Conj/Fire      14%        3d5       38%         4


Dungeon Overview and Level Annotations

Branches:
Dungeon (4/15)
 Temple: D:4-7

Altars:
Elyvilon

Annotations:
D:3 Crazy Yiuf


Innate Abilities, Weirdness & Mutations

You cannot wear most types of armour.
You are amphibious.
You can wear up to eight rings at the same time.
Your skin changes colour to match your surroundings (Stealth+).
Your rubbery body absorbs attacks. (AC +1, EV +1)
((You are camouflaged near water. (Stealth+)))
You have tentacles for arms and can constrict up to eight enemies at once.


Message History

The helpless ice beast fails to defend itself.
You puncture the ice beast!
The ice beast is heavily wounded.
The ice beast misses you.
Casting: Foxfire (safe; 4% risk of failure)
Confirm with . or Enter, or press ? or * to list all spells.
The spell is quite dangerous to cast (19% risk of failure)!
Continue anyway?
Okay, then.
Casting: Inner Flame (quite dangerous; 19% risk of failure)
Confirm with . or Enter, or press ? or * to list all spells.
The spell is quite dangerous to cast (19% risk of failure)!
Continue anyway?
Aiming: Inner Flame (quite dangerous; 19% risk of failure)
Press: ? - help, Shift-Dir - straight line, f - ice beast
Aim: an ice beast (heavily wounded, chance to affect: 59%)
The ice beast resists with significant effort.
The ice beast hits you. The ice beast freezes you!
Unknown command.
Casting: Inner Flame (quite dangerous; 19% risk of failure)
Confirm with . or Enter, or press ? or * to list all spells.
The spell is quite dangerous to cast (19% risk of failure)!
Continue anyway?
Aiming: Inner Flame (quite dangerous; 19% risk of failure)
Press: ? - help, Shift-Dir - straight line, f/p - ice beast
Aim: an ice beast (heavily wounded, chance to affect: 59%)
You miscast Inner Flame.
You are very lightly contaminated with residual magic.
Nothing appears to happen.
The ice beast misses you.
Unknown command.
Casting: Inner Flame (quite dangerous; 19% risk of failure)
Confirm with . or Enter, or press ? or * to list all spells.
The spell is quite dangerous to cast (19% risk of failure)!
Continue anyway?
Aiming: Inner Flame (quite dangerous; 19% risk of failure)
Press: ? - help, Shift-Dir - straight line, f/p - ice beast
Aim: an ice beast (heavily wounded, chance to affect: 59%)
You miscast Inner Flame.
Nothing appears to happen.
The ice beast hits you. The ice beast freezes you!
* * * LOW HITPOINT WARNING * * *
Unknown command.
It was a potion of curing.
You feel better. The ice beast hits you. The ice beast freezes you!
You die...

###### #.....
#################.....
#>..Y@................
#.........############+
#.........# #.....
?..........# #.####
...........# #.#...
...........# #o##.#
....###+#### #o##.#
.... #.##.# #.##.#


You could see an ice beast.

Vanquished Creatures
  A scorpion (D:4)
  Jessica (D:3)
  An iguana (D:4)
  Robin (D:2)
  An adder (D:2)
  An adder skeleton (D:4)
  A worm (D:2)
  2 dart slugs (D:1)
  7 orcs
  3 endoplasms (D:2)
  4 giant cockroaches
  7 goblins
  7 hobgoblins
  2 jackals (D:1)
  A kobold (D:3)
  2 quokkas (D:2)
  7 ball pythons
  3 bats
  2 frilled lizards (D:1)
54 creatures vanquished.

Vanquished Creatures (collateral kills)
  2 foxfires (D:3)
2 creatures vanquished.

Vanquished Creatures (others)
  142 foxfires
142 creatures vanquished.

Grand Total: 198 creatures vanquished

Notes
Turn   | Place    | Note
-------+----------+-------------------------------------------
     0 | D:1      | Conn the Octopode Fire Elementalist began the quest for the
                  | Orb.
     0 | D:1      | Reached XP level 1. HP: 11/11 MP: 3/3
   145 | D:1      | Reached XP level 2. HP: 17/17 MP: 1/5
  1052 | D:2      | Reached XP level 3. HP: 21/21 MP: 4/6
  1093 | D:2      | Noticed Robin
  1107 | D:2      | Killed Robin
  1599 | D:2      | Reached XP level 4. HP: 22/27 MP: 5/7
  1859 | D:2      | Found a white marble altar of Elyvilon.
  2159 | D:3      | Learned a level 3 spell: Conjure Flame
  2163 | D:3      | Learned a level 3 spell: Inner Flame
  2182 | D:3      | Noticed Jessica
  2187 | D:3      | Killed Jessica
  2559 | D:3      | Found a runed translucent door.
  2560 | D:3      | Noticed Crazy Yiuf
  2717 | D:4      | Noticed a scorpion
  2794 | D:4      | Upgraded the game from 0.28-a0-472-g50180c0d78 to
                  | 0.28-a0-475-g7dc2aef8ca
  2802 | D:4      | Killed a scorpion
  2803 | D:4      | Reached XP level 5. HP: 12/31 MP: 1/9
  3179 | D:4      | Noticed an ice beast
  3190 | D:4      | Slain by an ice beast

Illustrated notes

Levels and vault maps discovered:
D:1:      nzn_arrival_crosshair, layout_rooms
D:2:      mumra_celtic_spiral_tile, layout_basic, basic_altar, corner_web_ring,
          uniq_robin
D:3:      layout_loops_ring, hellmonk_ecumenical_altar_inner_sanctum,
          minmay_misc_feat_pillars, minivault_19, roderic_lattice_a,
          minivault_24, uniq_sigmund, uniq_crazy_yiuf_cottage, uniq_jessica
D:4:      layout_basic

Skill      XL: |  1  2  3  4 |
---------------+-------------+-----
Stealth        | 3 4 |  4.5
Conjurations   | 2 |  2.1
Fire Magic     | 4 |  4.1
Fighting       | |  0.1
Short Blades   | |  0.5
Dodging        | |  2.6
Spellcasting   | |  2.9

Action                   |  1- 3 |  4- 6 || total
-------------------------+-------+-------++-------
Melee: Unarmed           |     3 |       ||     3
       Constrict         |     5 |     6 ||    11
       Tentacles         |     5 |     2 ||     7
       Dagger            |    16 |    20 ||    36
 Cast: Foxfire           |    37 |    50 ||    87
       Inner Flame       |       |     2 ||     2
       Conjure Flame     |       |     1 ||     1
  Use: Potion            |       |     1 ||     1
 Stab: Sleeping          |     3 |     4 ||     7
       Distracted        |     1 |       ||     1
Armor: Skin              |     2 |     3 ||     5
Dodge: Dodged            |    17 |    24 ||    41

Table legend: (Time is in decaauts)
 A = Elapsed time spent in this place.
 B = Non-inter-level travel time spent in this place.
 C = Inter-level travel time spent in this place.
 D = Time resting spent in this place.
 E = Time spent auto-exploring this place.
 F = Levels seen in this place.
 G = Mean time per level.
                   A        B        C        D        E       F      G
               +--------+--------+--------+--------+--------+-----+--------+
         Total |   3189 |   3138 |     51 |    248 |   2159 |   4 |  797.2 |
       Dungeon |   3189 |   3138 |     51 |    248 |   2159 |   4 |  797.2 |
               +--------+--------+--------+--------+--------+-----+--------+

Top non-repeatable levels by time:
     D:2: 1344 daAuts
     D:1: 911 daAuts
     D:4: 584 daAuts
     D:3: 348 daAuts
